 Dungeon Crawl Stone Soup version 0.18.1-48-g4cf74bf (webtiles) character file.

90 Peloso the Covered (level 4, -3/41 HPs)
             Began as a Minotaur Fighter on Sept 10, 2016.
             Killed from afar by Sigmund (5 damage)
             ... with a puff of flame
             ... on level 2 of the Dungeon.
             The game lasted 00:04:28 (1137 turns).

Peloso the Covered (Minotaur Fighter)               Turns: 1137, Time: 00:04:28

Health: -3/41      AC:  7    Str: 21    XL:     4   Next: 32%
Magic:  3/3        EV:  8    Int:  5    God:
Gold:   55         SH:  9    Dex: 10    Spells: 0 memorised, 3 levels left

rFire  . . .     SeeInvis .     a - +0 long sword
rCold  . . .     Gourm    .     b - +0 scale mail
rNeg   . . .     Faith    .     c - +0 shield
rPois  .         Spirit   .     (helmet restricted)
rElec  .         Dismiss  .     (no cloak)
rCorr  .         Reflect  .     (no gloves)
SustAt .         Harm     .     (no boots)
MR     +....                    (no amulet)
Stlth  ..........               (no ring)
                                g - ring of protection from magic

@: somewhat resistant to hostile enchantments, extremely unstealthy
A: retaliatory headbutt, horns 2
a: no special abilities


You were on level 2 of the Dungeon.
You were not hungry.

You visited 1 branch of the dungeon, and saw 2 of its levels.

You collected 55 gold pieces.

Inventory:

Hand Weapons
 a - a +0 long sword (weapon)
 h - a +0 spear of venom
Armour
 b - a +0 scale mail (worn)
 c - a +0 shield (worn)
 p - a +0 pair of boots
Jewellery
 g - a ring of protection from magic (left hand)
 q - a +5 ring of dexterity {unknown}
 r - a +3 ring of strength {unknown}
Scrolls
 i - 3 scrolls of identify {unknown}
 l - a scroll of enchant weapon {unknown}
 n - a scroll of noise {unknown}
 o - a scroll of blinking {unknown}
Potions
 d - 2 potions of might
 e - a potion of resistance {unknown}
 j - a potion of heal wounds {unknown}
 s - a potion of brilliance {unknown}
Comestibles
 f - 3 bread rations
 k - a slice of pizza
 m - 5 chunks of flesh


   Skills:
 + Level 4.4 Fighting
 + Level 2.8 Long Blades
 + Level 4.6 Armour
 + Level 1.0 Dodging
 + Level 4.3 Shields


You had 3 spell levels left.
You didn't know any spells.

Dungeon Overview and Level Annotations

Branches:
Dungeon (2/15)

Altars:
Ru

Annotations:
D:2 Sigmund


Innate Abilities, Weirdness & Mutations

You reflexively headbutt those who attack you in melee.
You have a pair of horns on your head.


Message History

Deactivating autopickup; reactivate with Ctrl-A.
Unknown command.
Something hits you.
* * * LOW HITPOINT WARNING * * *
Something hits you but does no damage. Something hits you.
* * * LOW HITPOINT WARNING * * *
A magic dart appears from out of thin air!
The magic dart hits you!
* * * LOW HITPOINT WARNING * * *
A magic dart appears from out of thin air!
The magic dart hits you!
* * * LOW HITPOINT WARNING * * *
Drink which item? (? for menu, Esc to quit)
Okay, then.
Read which item? (? for menu, Esc to quit)
Okay, then.
A puff of flame appears from out of thin air!
The puff of flame hits you!
You die...

......#.+#######'.# .
....>.#.#...#...#.# .#
.....##.#...#...#.### ###.
....?(..#.......#.).# #..
###########._.###.g.# #.#
###......÷#...# #<#
#.#...#...#...# #.#
#.#...#..)#...# ###.# #
###.+#######@...# #...# #
###......##.......# #.### #
#...........###...# #.# # #
.#......#### #...# #.# #####
##.##......# #...# #.# #....
≈#........#####
########.####.###
≈#..#.........###
#...<....... ≈#
#.....###....####..##........
≈#.##.....###.........#
#........


You could see a goblin.

Vanquished Creatures
  Jessica (D:2)
  An orc wizard (D:2)
  An ooze (D:1)
  A worm (D:2)
  A giant cockroach (D:1)
  2 goblins (D:1)
  5 hobgoblins
  6 jackals
  4 kobolds
  A quokka (D:2)
  A ball python (D:2)
  4 bats
  A giant newt (D:2)
  3 rats (D:1)
32 creatures vanquished.

Notes
Turn   | Place    | Note
--------------------------------------------------------------
     0 | D:1      | Peloso the Minotaur Fighter began the quest for the Orb.
     0 | D:1      | Reached XP level 1. HP: 19/19 MP: 0/0
    74 | D:1      | Reached XP level 2. HP: 27/27 MP: 1/1
   855 | D:2      | Reached XP level 3. HP: 29/33 MP: 2/2
  1020 | D:2      | Found a sacrificial altar of Ru.
  1064 | D:2      | Noticed Jessica
  1070 | D:2      | Killed Jessica
  1070 | D:2      | Reached skill level 1 in Dodging
  1070 | D:2      | Reached XP level 4. HP: 38/41 MP: 3/3
  1095 | D:2      | Noticed Sigmund
  1135 | D:2      | HP: 2/41 [something/magic dart (6)]
  1137 | D:2      | Killed from afar by Sigmund

Skill      XL: |  1  2  3 |
---------------+----------+-----
Armour         | 4 |  4.6
Fighting       | 4 |  4.4
Shields        | 4 |  4.3
Dodging        | 1 |  1.0
Long Blades    | |  2.8

Action                   |  1- 3 |  4- 6 || total
-------------------------+-------+-------++-------
Melee: Long sword        |    75 |    10 ||    85
       Headbutt          |    12 |       ||    12
 Stab: Paralysed         |     1 |       ||     1
  Eat: Chunk             |     1 |       ||     1
Armor: Scale mail        |    32 |     3 ||    35
Dodge: Dodged            |    23 |     3 ||    26
Block: Shield            |    45 |     5 ||    50
